 Dungeon Crawl Stone Soup version 0.30-a0-618-gd6c86c2 (webtiles) character file.

Game seed: 7583558173968806970

105 malesh the Trooper (level 4, 0/24 HPs)
             Began as a Vine Stalker Fighter on Jan 9, 2023.
             Slain by Crazy Yiuf
             ... wielding a +3 quarterstaff of chaos
              (1 damage)
             ... on level 2 of the Dungeon.
             The game lasted 00:03:48 (1643 turns).

malesh the Trooper (Vine Stalker Fighter)           Turns: 1643, Time: 00:03:48

Health: 0/24       AC:  6    Str: 20    XL:     4   Next: 83%
Magic:  0/5        EV:  9    Int:  8    God:
Gold:   145        SH:  4    Dex: 14    Spells: 3/3 levels left

rFire   . . .      SeeInvis .    a - +2 war axe
rCold   . . .      Faith    .    c - +0 buckler
rNeg    . . .      Spirit   +    b - +0 scale mail
rPois   .          Reflect  .    (no helmet)
rElec   .          Harm     .    (no cloak)
rCorr   .          Rampage  .    (no gloves)
Will    .....                    (no boots) Stlth
                                 g - amulet of regeneration
HPRegen 1.84/turn                (no ring)
MPRegen 0.09/turn                (no ring)

@: no status effects
A: fangs 2, regeneration 1, magic shield, antimagic bite, no potion heal 2
a: no special abilities


You were on level 2 of the Dungeon.
You visited 1 branch of the dungeon, and saw 2 of its levels.

You collected 145 gold pieces.

Inventory:

Hand Weapons
 a - a +2 war axe (weapon)
Armour
 b - a +0 scale mail (worn)
 c - a +0 buckler (worn)
Jewellery
 g - an amulet of regeneration (around neck)
Potions
 d - 4 potions of might
 f - 2 potions of curing {unknown}
 i - a potion of haste {unknown}
 j - 2 potions of magic {unknown}
 k - a potion of lignification {unknown}


   Skills:
 + Level 3.3 Fighting
 + Level 3.3 Axes
 + Level 2.8 Armour
 + Level 0.1 Dodging
 + Level 0.1 Stealth
 + Level 2.8 Shields


You had 3 spell levels left.
You didn't know any spells.
Your spell library contained the following spells:

 Spells                   Type           Power      Damage    Failure   Level
 Apportation              Tloc           0%         N/A       86%         1
 Necrotise                Necr           0%         1d4       86%         1
 Summon Small Mammal      Summ           0%         N/A       86%         1


Dungeon Overview and Level Annotations

Branches:
Dungeon (2/15)

Altars:

Annotations:
D:2 Crazy Yiuf, Sigmund


Innate Abilities, Weirdness & Mutations

You have extremely sharp teeth.
Your natural rate of healing is unusually fast.
When hurt, damage is shared between your health and your magic reserves.
Your bite disrupts and absorbs the magic of your enemies.
Potions cannot restore your health.


Message History

A ball python is nearby!
Found a stone staircase leading up.
The ball python hisses angrily.
You slash the ball python!
You kill the ball python!
No target in view!
j - 2 glowing white potions (gained 1)
You now have 145 gold pieces (gained 12).
d - 4 potions of might (gained 1)
Found two hammers.
No target in view!
You see here a +2 heavy hammer.
Found seven hammers.
Found a runed translucent door.
You see here a +0 hammer.
Found a hammer.
Crazy Yiuf shouts!
You see here a +0 hammer.
You see here a +0 hammer.
Found three hammers.
You see here a +0 hammer.
You open the door.
Crazy Yiuf whimpers, "Orb!
Castle senile cloud."
You hit Crazy Yiuf. You bite Crazy Yiuf, but do no damage.
Crazy Yiuf is moderately wounded.
Crazy Yiuf glowers.
Crazy Yiuf hits you with a +3 quarterstaff of chaos!
Space warps around you.
You barely miss Crazy Yiuf. You bite Crazy Yiuf, but do no damage.
Crazy Yiuf is moderately wounded.
Crazy Yiuf barely misses you.
You barely miss Crazy Yiuf. You bite Crazy Yiuf. You drain his power.
You feel invigorated.
Crazy Yiuf is heavily wounded.
Crazy Yiuf hits you with a +3 quarterstaff of chaos!
Crazy Yiuf freezes you.
* * * LOW HITPOINT WARNING * * *
Crazy Yiuf hits you with a +3 quarterstaff of chaos!
* * * LOW HITPOINT WARNING * * *
Crazy Yiuf freezes you.
You die...

♣♣♣♣♣### ###
♣♣♣)♣)...##
#)))#♣))♣).....##
#.))g@♣♣♣♣......#
#)))#♣♣ ♣♣.....#
### ♣♣###.# #..#
# #.## ########.#
#.# .........#
#########.#
.##.....
#.........#
###..###
#.....#####


You could see Crazy Yiuf.

Vanquished Creatures
  Jessica (D:2)
  2 adders (D:2)
  A worm (D:2)
  2 dart slugs (D:1)
  5 endoplasms
  2 giant cockroaches
  5 goblins
  7 hobgoblins
  3 jackals (D:1)
  2 kobolds (D:2)
  7 quokkas
  3 ball pythons
  A bat (D:2)
  3 frilled lizards (D:1)
  6 rats
50 creatures vanquished.

Notes
Turn   | Place    | Note
-------+----------+-------------------------------------------
     0 | D:1      | malesh the Vine Stalker Fighter began the quest for the
                  | Orb.
     0 | D:1      | Reached XP level 1. HP: 11/11 MP: 2/2
   175 | D:1      | Reached XP level 2. HP: 16/16 MP: 3/3
   177 | D:1      | Found a faded altar of an unknown god.
   339 | D:1      | Reached XP level 3. HP: 20/20 MP: 4/4
   782 | D:2      | Noticed Jessica
   791 | D:2      | Killed Jessica
   792 | D:2      | Gained mutation: Your natural rate of healing is unusually
                  | fast. [Vine Stalker growth]
   792 | D:2      | Reached XP level 4. HP: 19/24 MP: 5/5
  1183 | D:2      | Noticed Sigmund
  1636 | D:2      | Found a runed translucent door.
  1637 | D:2      | Noticed Crazy Yiuf
  1643 | D:2      | HP: 1/24 [Crazy Yiuf/+3 quarterstaff of chaos (5)]
  1643 | D:2      | Slain by Crazy Yiuf

Illustrated notes

Levels and vault maps discovered:
D:1:      dpeg_arrival_concentric_ovals, layout_basic,
          ebering_ecumenical_altar_ruins
D:2:      layout_rooms, minmay_pentomino_x4, uniq_crazy_yiuf_cottage,
          uniq_sigmund, uniq_jessica

Skill      XL: |  1  2  3  4 |
---------------+-------------+-----
Fighting       | 3 |  3.3
Axes           | 2 3 |  3.3
Armour         | |  2.8
Dodging        | |  0.1
Stealth        | |  0.1
Shields        | |  2.8

Action                   |  1- 3 |  4- 6 || total
-------------------------+-------+-------++-------
Melee: War axe           |    86 |    41 ||   127
       Bite              |    17 |     7 ||    24
  Use: Scroll            |       |     3 ||     3
Armor: Scale mail        |    36 |    20 ||    56
Dodge: Dodged            |    38 |    18 ||    56
Block: Buckler           |    16 |    10 ||    26

Table legend: (Time is in decaauts)
 A = Elapsed time spent in this place.
 B = Non-inter-level travel time spent in this place.
 C = Inter-level travel time spent in this place.
 D = Time resting spent in this place.
 E = Time spent auto-exploring this place.
 F = Levels seen in this place.
 G = Mean time per level.
                   A        B        C        D        E       F      G
               +--------+--------+--------+--------+--------+-----+--------+
         Total |   1697 |   1626 |     71 |    302 |    953 |   2 |  848.5 |
       Dungeon |   1697 |   1626 |     71 |    302 |    953 |   2 |  848.5 |
               +--------+--------+--------+--------+--------+-----+--------+

Top non-repeatable levels by time:
     D:1: 1156 daAuts
     D:2: 541 daAuts
